 Dungeon Crawl Stone Soup version 0.30.1-11-g7821555f0a (webtiles) character file.

Game seed: 10717147182333696370

43 cowcol the Covered (level 3, 0/33 HPs)
             Began as a Minotaur Fighter on Jan 7, 2024.
             Slain by a gnoll
             ... wielding a +0 flail
              (7 damage)
             ... on level 2 of the Dungeon.
             The game lasted 00:02:18 (851 turns).

cowcol the Covered (Minotaur Fighter)                Turns: 851, Time: 00:02:18

Health: 0/33       AC:  7    Str: 22    XL:     3   Next: 37%
Magic:  2/2        EV:  9    Int:  5    God:
Gold:   39         SH:  4    Dex:  9    Spells: 2/2 levels left

rFire   . . .        a - +0 war axe
rCold   . . .        c - +0 buckler
rNeg    . . .        b - +0 scale mail
rPois   .            (helmet restricted)
rElec   .            (no cloak)
rCorr   .            (no gloves)
SInv    .            (no boots)
Will    .....        (no amulet) Stlth
                     (no ring)
HPRegen 0.25/turn    (no ring)
MPRegen 0.08/turn

%: no passive effects
@: mighty
A: horns 2, retaliatory headbutt
a: no special abilities


You were on level 2 of the Dungeon.
You visited 1 branch of the dungeon, and saw 2 of its levels.

You collected 39 gold pieces.

Inventory:

Hand Weapons
 a - a +0 war axe (weapon)
Armour
 b - a +0 scale mail (worn)
 c - a +0 buckler (worn)
Scrolls
 f - a scroll of blinking {unknown}
 g - a scroll of poison {unknown}
 h - a scroll of fear {unknown}
Potions
 e - a potion of lignification {unknown}


   Skills:
 + Level 4.1 Fighting
 + Level 3.1 Axes
 + Level 4.3 Armour
 - Level 4.0 Shields


You had 2 spell levels left.
You didn't know any spells.
Your spell library was empty.

Dungeon Overview and Level Annotations

Branches:
Dungeon (2/15)

Altars:
Qazlal


Innate Abilities, Weirdness & Mutations

You have a pair of horns on your head.
You reflexively headbutt those who attack you in melee.


Message History

Found 6 stones.
Found an escape hatch in the floor.
A gnoll comes into view. It is wielding a +0 club.
The gnoll shouts!
You hear a shout! x3
A gnoll comes into view. It is wielding a +0 flail.
You see here a scroll labelled PETORE NOCHO.
h - a scroll labelled PETORE NOCHO A gnoll comes into view.
It is wielding a +0 club.
The gnoll hits you but does no damage.
You slash the gnoll!
You kill the gnoll!
Your Axes skill increases to level 3!
You barely miss the gnoll. The gnoll barely misses you.
The gnoll hits you with a +0 flail!
You hit the gnoll.
The gnoll is heavily wounded.
The gnoll hits you with a +0 flail.
You closely miss the gnoll.
The gnoll is heavily wounded.
You block the gnoll's attack.
You hit the gnoll but do no damage.
The gnoll is heavily wounded.
The gnoll hits you with a +0 flail. The gnoll closely misses you.
You hit the gnoll.
The gnoll is almost dead.
The gnoll barely misses you.
You closely miss the gnoll.
The gnoll is almost dead.
The gnoll closely misses you.
Unknown command.
You feel very mighty all of a sudden. The gnoll hits you with a +0 flail!
* * * LOW HITPOINT WARNING * * *
You barely miss the gnoll.
The gnoll is almost dead.
You block the gnoll's attack. x2
You barely miss the gnoll. Your headbutt misses the gnoll.
The gnoll is almost dead.
The gnoll hits you with a +0 flail!
You die...

#........#
>.#####.g......#
......#...g....#
#..........#
###........#
#........#
###..#####
#....########.#
##...gg@......#.....
#.#..###.##.##....
#.##.###.# #....
#(##..##.# #...# #
#.###....# ##...# .#
...........#
....##..#
#########..####
#.....<#
##....###.<#..#
#.##.....††..#


You could see 2 gnolls.

Vanquished Creatures
  A gnoll (D:2)
  An adder (D:2)
  3 ball pythons (D:1)
  An endoplasm (D:1)
  A giant cockroach (D:1)
  A goblin (D:1)
  A hobgoblin (D:1)
  4 jackals (D:2)
  A kobold (D:1)
  A quokka (D:1)
  A bat (D:1)
  2 frilled lizards (D:1)
  6 rats
24 creatures vanquished.

Notes
Turn   | Place    | Note
-------+----------+-------------------------------------------
     0 | D:1      | cowcol the Minotaur Fighter began the quest for the Orb.
     0 | D:1      | Reached XP level 1. HP: 19/19 MP: 0/0
   312 | D:1      | Reached XP level 2. HP: 27/27 MP: 1/1
   404 | D:1      | Found a faded altar of an unknown god.
   695 | D:1      | Found a stormy altar of Qazlal.
   737 | D:2      | Reached XP level 3. HP: 21/33 MP: 2/2
   851 | D:2      | Slain by a gnoll

Illustrated notes

Levels and vault maps discovered:
D:1:      dpeg_arrival_water_altar, layout_rooms, shapermc_ecumenical_altar_gd
D:2:      layout_basic, minmay_pentomino_w2

Skill      XL: |  1  2  3 |
---------------+----------+-----
Armour         | 4 |  4.3
Fighting       | 4 |  4.1
Shields        | 4 |  4.0
Axes           | 3 |  3.1

Action                     || total
---------------------------++-------
  Melee: War axe           ||    51
         Headbutt          ||     5
    Use: Scroll            ||     2
         Potion            ||     1
 Armour: Scale mail        ||    16
  Dodge: Dodged            ||    22
  Block: Buckler           ||     9
